 Dungeon Crawl Stone Soup version 0.30.0 (webtiles) character file.

Game seed: 3061272544591463183

175 adizb the Firebug (level 5, -4/40 HPs)
             Began as a Demigod Fire Elementalist on May 6, 2023.
             Killed by divine providence
             ... invoked by an orc priest
              (15 damage)
             ... on level 4 of the Dungeon.
             The game lasted 00:17:43 (2394 turns).

adizb the Firebug (Demigod Fire Elementalist)       Turns: 2394, Time: 00:17:43

Health: -4/40      AC:  9    Str:  9    XL:     5   Next: 7%
Magic:  2/11       EV: 16    Int: 21    God:
Gold:   211        SH:  0    Dex: 14    Spells: 1/8 levels left

rFire   . . .        r - +1 dagger (venom)
rCold   . . .        (no shield)
rNeg    . . .        e - +0 leather armour
rPois   .            (no helmet)
rElec   .            c - +0 cloak
rCorr   .            (no gloves)
SInv    .            k - +0 pair of boots
Will    .....        (no amulet)
Stlth   ++           s - +5 ring of evasion
HPRegen 0.26/turn    u - +4 ring of protection
MPRegen 0.12/turn

%: no passive effects
@: no status effects
A: high MP 1, forlorn, divine attributes
a: no special abilities


You were on level 4 of the Dungeon.
You visited 1 branch of the dungeon, and saw 4 of its levels.

You collected 211 gold pieces.

Inventory:

Hand Weapons
 i - a +1 dagger of speed
 l - a +2 sling of freezing
 r - a +1 dagger of venom (weapon)
Armour
 a - a +0 robe
 c - a +0 cloak (worn)
 e - a +0 leather armour (worn)
 k - a +0 pair of boots (worn)
Jewellery
 s - a +5 ring of evasion (left hand)
 u - a +4 ring of protection (right hand)
Scrolls
 f - 2 scrolls of magic mapping
 g - a scroll of enchant armour {unknown}
 j - a scroll of teleportation {unknown}
 m - a scroll of amnesia {unknown}
 n - 2 scrolls of vulnerability {unknown}
 o - a scroll of immolation {unknown}
 v - a scroll of blinking {unknown}
Potions
 b - a potion of magic
 d - 4 potions of flight {unknown}
 h - 2 potions of resistance
 q - a potion of haste
 t - a potion of berserk rage {unknown}


   Skills:
 + Level 1.4 Fighting
 + Level 1.1 Short Blades
 - Level 0.5 Ranged Weapons
 + Level 0.6 Armour
 + Level 2.0 Dodging
 + Level 2.0 Stealth
 + Level 2.4 Spellcasting
 * Level 2.2 Conjurations
 * Level 3.4 Fire Magic


You had one spell level left.
You knew the following spells:

 Your Spells              Type           Power      Damage    Failure   Level
a - Foxfire               Conj/Fire      56%        2x1d6     6%          1
b - Scorch                Fire           34%        2d6       7%          2
c - Flame Wave            Conj/Fire      14%        2d6       52%         4

Your spell library contained the following spells:

 Spells                   Type           Power      Damage    Failure   Level
 Inner Flame              Hex/Fire       9%         N/A       28%         3
 Volatile Blastmotes      Fire/Tloc      18%        2d11      28%         3
 Sticky Flame             Conj/Fire      14%        2d4       52%         4
 Malign Gateway           Summ/Tloc      1%         N/A       100%        7
 Summon Horrible Things   Summ           1%         N/A       100%        8


Dungeon Overview and Level Annotations

Branches:
Dungeon (4/15)
 Temple: D:4-7

Shops:
D:2 (   D:4 (


Innate Abilities, Weirdness & Mutations

You have an increased reservoir of magic. (+10% MP)
You shall have no god before yourself.
Your divine heritage dramatically boosts your attributes as you level up.


Message History

The orc is severely wounded.
You kill the orc!
The gnoll hits you from afar with a +0 halberd!
* * * LOW HITPOINT WARNING * * *
Items here: )) ? [[.
Casting: Scorch (safe; 7% risk of failure)
Press: ? - help, Q - select action, (/) - cycle Dir - look around, f - activate Flames lash the gnoll.
The gnoll is lightly wounded.
The gnoll's fire resistance burns away.
You hear a shout!
The gnoll misses you.
Casting: Scorch (safe; 7% risk of failure)
Press: ? - help, Q - select action, (/) - cycle Dir - look around, f - activate Flames lash the gnoll.
The gnoll is burned terribly!
The gnoll is severely wounded.
The gnoll completely misses you.
Casting: Scorch (safe; 7% risk of failure)
Press: ? - help, Q - select action, (/) - cycle Dir - look around, f - activate Flames lash the gnoll.
The gnoll is burned terribly!
You kill the gnoll!
Your Dodging skill increases to level 2!
An orc priest comes into view. It is wielding a +0 club.
The orc priest shouts!
Casting: Scorch (safe; 7% risk of failure)
Press: ? - help, Q - select action, (/) - cycle Dir - look around, f - activate Flames lash the orc priest.
The orc priest is moderately wounded.
The orc priest's fire resistance burns away.
The orc priest barely misses you.
You hit the orc priest but do no damage.
The orc priest is moderately wounded.
The orc priest invokes the aid of Beogh against you.
Pain shoots through your body!
* * * LOW HITPOINT WARNING * * *
You barely miss the orc priest.
The orc priest is moderately wounded.
The orc priest invokes the aid of Beogh against you.
Beogh smites you!
You die...

##..###...........#
#..
###..#...........#
#.# ##............#
.. ##.......)...#
#.. ###........#
##.......#
##.....## ###...#
##@o#####..
#........#
#..#......
#.###..$.. ##)#
#.... ######## #.)#
#... #......# #.##
##. #.##...## ##.#
..#..)..## #.##


You could see an orc priest (combustible).

Vanquished Creatures
  An orc wizard (D:4)
  5 gnolls
  3 adders
  2 worms
  2 dart slugs
  3 orcs (D:4)
  4 endoplasms
  2 giant cockroaches
  8 hobgoblins
  2 jackals (D:3)
  10 kobolds
  7 ball pythons
  4 bats
  3 frilled lizards
  6 goblins
  4 rats
66 creatures vanquished.

Vanquished Creatures (others)
  137 foxfires
137 creatures vanquished.

Grand Total: 203 creatures vanquished

Notes
Turn   | Place    | Note
-------+----------+-------------------------------------------
     0 | D:1      | adizb the Demigod Fire Elementalist began the quest for the
                  | Orb.
     0 | D:1      | Reached XP level 1. HP: 14/14 MP: 5/5
    18 | D:1      | Reached skill level 1 in Conjurations
   325 | D:1      | Reached XP level 2. HP: 20/20 MP: 4/7
   596 | D:2      | Learned a level 2 spell: Scorch
   655 | D:2      | Reached skill level 3 in Fire Magic
   686 | D:2      | Reached XP level 3. HP: 12/27 MP: 3/8
   749 | D:2      | Found Zebru's Antique Weapon Shoppe.
  1312 | D:3      | Reached skill level 1 in Fighting
  1535 | D:3      | Reached XP level 4. HP: 33/35 MP: 4/10
  1783 | D:3      | Identified the +3 ring mail "Juikia" {Dex+4 SInv}
  1793 | D:3      | Reached skill level 1 in Short Blades
  1994 | D:4      | Learned a level 4 spell: Flame Wave
  2252 | D:4      | Found Loraez's Weapon Boutique.
  2381 | D:4      | Reached XP level 5. HP: 16/40 MP: 8/11
  2394 | D:4      | Killed from afar by an orc priest

Illustrated notes

Levels and vault maps discovered:
D:1:      minmay_arrival_semitransparent, layout_rooms,
          chequers_ecumenical_altar_lobes
D:2:      layout_loops_ring, serial_shops, shop
D:3:      layout_basic, mainiacjoe_overflow_paths
D:4:      layout_cave_pods, serial_shops, nicolae_shop_bloodbath_and_beyond,
          roderic_roman_lattice

Skill      XL: |  1  2  3  4  5 |
---------------+----------------+-----
Conjurations   | 1 2 |  2.2
Spellcasting   | 2 |  2.4
Fire Magic     | 3 |  3.4
Fighting       | 1 |  1.4
Short Blades   | 1 |  1.1
Stealth        | 2 |  2.0
Dodging        | 2 |  2.0
Ranged Weapons | |  0.5
Armour         | |  0.6

Action                     |  1- 3 |  4- 6 || total
---------------------------+-------+-------++-------
  Melee: Dagger            |    24 |    28 ||    52
         Punch             |       |     1 ||     1
   Fire: Sling             |    43 |       ||    43
   Cast: Foxfire           |    48 |    32 ||    80
         Scorch            |     2 |     4 ||     6
    Use: Scroll            |     3 |     2 ||     5
 Armour: Robe              |     6 |       ||     6
         Leather armour    |       |     4 ||     4
  Dodge: Dodged            |    22 |    18 ||    40
